 Dungeon Crawl Stone Soup version 0.20.1-1-g8b1a95d (webtiles) character file.

131 Flubber the Grave Robber (level 4, -2/38 HPs)
             Began as a Deep Dwarf Necromancer on Aug 7, 2017.
             Slain by a bullfrog (6 damage)
             ... on level 5 of the Dungeon.
             The game lasted 00:25:40 (3126 turns).

Flubber the Grave Robber (Deep Dwarf Necromancer)   Turns: 3126, Time: 00:25:40

Health: -2/38      AC:  4    Str: 11    XL:     4   Next: 91%
Magic:  2/8        EV: 13    Int: 17    God:
Gold:   134        SH:  0    Dex: 13    Spells: 0/8 levels left

rFire    . . .     SeeInvis +   (no weapon)
rCold    + . .     Gourm    .   (no shield)
rNeg     . . .     Faith    .   p - +0 leather armour
rPois    .         Spirit   .   (helmet restricted)
rElec    .         Reflect  .   (no cloak)
rCorr    .         Harm     .   (no gloves)
MR       .....                  o - +0 pair of boots
Stlth    ++........             (no amulet)
Regen    0.0/turn               d - ring of protection from cold
MPRegen  0.2/turn               u - ring of see invisible

@: very slightly contaminated, non-regenerating
A: damage resistance, heal wounds, antennae 1, sense surroundings 2, no
regeneration
a: Heal Wounds


You were on level 5 of the Dungeon.
You were not hungry.

You visited 1 branch of the dungeon, and saw 5 of its levels.

You collected 134 gold pieces.

Inventory:

Armour
 a - a +0 robe
 o - a +0 pair of boots (worn)
 p - a +0 leather armour (worn)
 r - a +1 helmet
Jewellery
 d - a ring of protection from cold (left hand)
 u - a ring of see invisible (right hand)
Scrolls
 e - a scroll of immolation
 h - 2 scrolls of remove curse
 k - a scroll of identify
Books
 b - a book of Necromancy

   Spells                             Type                      Level
   a - Pain                           Necromancy                   1
   b - Animate Skeleton               Necromancy                   1
   c - Vampiric Draining              Necromancy                   3
   d - Regeneration                   Charms/Necromancy            3
   e - Animate Dead                   Necromancy                   4
   f - Control Undead                 Necromancy                   4
Comestibles
 c - 3 bread rations
 i - a meat ration
 j - a chunk of flesh
 n - 4 fruits
 t - a royal jelly


   Skills:
 - Level 1.0 Fighting
 - Level 1.0 Armour
 + Level 3.6 Dodging
 + Level 3.3 Stealth
 * Level 2.7 Spellcasting
 + Level 4.6 Necromancy


You couldn't memorise any spells.
You knew the following spells:

 Your Spells              Type           Power        Failure   Level  Hunger
a - Pain                  Necr           ###.         3%          1    #......
b - Vampiric Draining     Necr           ###.......   11%         3    ###....
c - Animate Dead          Necr           N/A          34%         4    #####..


Dungeon Overview and Level Annotations

Branches:
Dungeon (5/15)
 Temple: D:4-7

Altars:
Vehumet
Zin

Annotations:
D:3 Sigmund


Innate Abilities, Weirdness & Mutations

You are resistant to damage.
You can heal yourself by infusing magical energy.
You passively map the area around you.
You do not regenerate.
You have a pair of small antennae on your head.


Message History

Your surroundings suddenly seem different.
Found 4 gold pieces and 19 poisoned needles.
Found a stone staircase leading down.
A bullfrog comes into view.
The bullfrog gives a loud, deep croak!
Found a potion of curing.
A worker ant comes into view.
There is a stone staircase leading down here.
The bullfrog hits you.
You climb downwards.
A hound comes into view.
Found 11 gold pieces.
There is a stone staircase leading up here.
Casting: Vampiric Draining
Confirm with . or Enter, or press ? or * to list all spells.
Aiming: Pain
Press: ? - help, Shift-Dir - straight line, f - bullfrog
Aim: a bullfrog (chance to defeat MR: 78%)
The bullfrog writhes in agony!
The bullfrog hits you!
You die...

, , , , * * , *
,, * #.#♣.
,.##. ,* * * ,
* .#..##... . *
, , .h.....##..
#.......... , *
,
,*,#..........,
, , *
#....$..... *
..###.F....# ,,
* * .......@# ,
, ,..###.....#
, *, , ,, *
#...#.# ,*** *
#....... ,, , ,
.....,... , ,
,*
,.....#####.. ,
, , , **
####... , ,# **
,, , #...* , ,
* , ,, *


You could see a bullfrog and a hound (sleeping).

Vanquished Creatures
  A worker ant (D:4)
  5 adders
  A worm (D:3)
  3 leopard geckos
  A ball python (D:2)
  8 bats
  8 giant cockroaches
  8 hobgoblins
  8 kobolds
  A quokka (D:2)
  A frilled lizard (D:3)
  6 goblins
  7 rats
58 creatures vanquished.

Notes
Turn   | Place    | Note
-------+----------+-------------------------------------------
     0 | D:1      | Flubber the Deep Dwarf Necromancer began the quest for the Orb.
     0 | D:1      | Reached XP level 1. HP: 15/15 MP: 3/3
   232 | D:1      | Reached XP level 2. HP: 16/22 MP: 0/4
   485 | D:1      | Reached skill level 1 in Fighting
   636 | D:1      | Reached XP level 3. HP: 22/31 MP: 0/6
   912 | D:1      | Learned a level 3 spell: Vampiric Draining
  1152 | D:2      | Found a glowing silver altar of Zin.
  1361 | D:2      | Found a faded altar of an unknown god.
  2177 | D:3      | Noticed Sigmund
  2242 | D:3      | Reached XP level 4. HP: 32/38 MP: 4/7
  2289 | D:3      | Gained mutation: You passively map the area around you. [potion of mutation]
  2289 | D:3      | Gained mutation: You have a pair of small antennae on your head. [potion of mutation]
  2305 | D:3      | Found a radiant altar of Vehumet.
  2628 | D:3      | Reached skill level 1 in Armour
  3091 | D:4      | Noticed an ogre
  3102 | D:4      | Learned a level 4 spell: Animate Dead
  3121 | D:4      | Noticed a bullfrog
  3125 | D:5      | Entered Level 5 of the Dungeon
  3126 | D:5      | Slain by a bullfrog

Skill      XL: |  1  2  3  4 |
---------------+-------------+-----
Stealth        | 3 |  3.3
Spellcasting   | 2 |  2.7
Fighting       | 1 |  1.0
Dodging        | 3 |  3.6
Armour         | 1 |  1.0
Necromancy     | |  4.6

Action                   |  1- 3 |  4- 6 || total
-------------------------+-------+-------++-------
Melee: Unarmed           |    29 |    23 ||    52
 Cast: Pain              |    71 |    27 ||    98
       Vampiric Draining |     7 |     9 ||    16
  Use: Scroll            |     7 |     4 ||    11
       Potion            |       |     5 ||     5
  Eat: Chunk             |     6 |     5 ||    11
Armor: Robe              |     5 |       ||     5
       Skin              |       |     6 ||     6
       Leather armour    |       |     4 ||     4
Dodge: Dodged            |    29 |    23 ||    52
